 Dungeon Crawl Stone Soup version 0.17.1-1-g73c8601 (webtiles) character file.

14257 Wolfmoon the Covert (level 11, 0/57 HPs)
             Began as a Felid Monk on Dec 28, 2015.
             Was the Champion of Dithmenos.
             Slain by a harpy (13 damage)
             ... on level 5 of the Lair of Beasts on Jan 9, 2016.
             The game lasted 02:54:44 (25718 turns).

Wolfmoon the Covert (Felid Monk)                   Turns: 25718, Time: 02:54:44

Health: 0/57       AC:  6    Str: 10    XL:     11   Next: 86%
Magic:  18/18      EV: 32    Int: 12    God:    Dithmenos [******]
Gold:   1033       SH:  2    Dex: 20    Spells: 4 memorised, 8 levels left
                                        Lives:  0   Deaths: 2

rFire  + . .     SeeInvis +       - Unarmed
rCold  + . .     Clarity  .     (armour unavailable)
rNeg   . . .     SustAt   .     (shield unavailable)
rPois  .         Gourm    .     (helmet unavailable)
rElec  .         Spirit   .     (cloak unavailable)
rCorr  .         Warding  .     (gloves unavailable)
rMut   .         Stasis   +     (boots unavailable)
MR     +....                    J - amulet of stasis
Stlth  ++++++++++               e - ring of protection from fire
                                k - ring of stealth

@: wreathed by umbra, quick, somewhat resistant to hostile enchantments,
uncannily stealthy
A: no armour, no weapons or thrown items, claws 1, fangs 3, horns 1, large bone
plates 1, molten scales 1, see invisible, carnivore 3, speed 1, shaggy fur 3,
slow metabolism 1, sharp paws
a: Shadow Step, Shadow Form, Renounce Religion


You were on level 5 of the Lair of Beasts.
You worshipped Dithmenos.
Dithmenos was exalted by your worship.
You were not hungry.

You visited 5 branches of the dungeon, and saw 20 of its levels.
You also visited: Ossuary and Volcano.

You collected 1148 gold pieces.
You spent 115 gold pieces at shops.

Inventory:

Jewellery
 e - a ring of protection from fire (right paw)
 k - a ring of stealth (left paw)
 q - an uncursed ring of protection from magic
 D - an uncursed ring of wizardry
 J - an amulet of stasis (around neck)
 O - an uncursed ring of ice
Wands
 m - a wand of hasting (4)
 p - a wand of lightning (10)
 t - a wand of disintegration (17)
 u - a wand of polymorph (24)
 E - a wand of lightning (14)
 M - a wand of confusion (40)
 R - a wand of draining (3)
Scrolls
 b - 2 scrolls of amnesia
 c - 3 scrolls of fear {unknown}
 d - 8 scrolls of identify
 f - 2 scrolls of noise
 h - 10 scrolls of remove curse
 i - 3 scrolls of vulnerability {unknown}
 n - 2 scrolls of enchant armour {unknown}
 r - 3 scrolls of magic mapping
 s - 6 scrolls of teleportation
 y - 2 scrolls of blinking
 F - 3 scrolls of recharging
 H - a scroll of holy word {unknown}
Potions
 g - 3 potions of ambrosia
 o - 11 potions of curing
 w - a potion of haste
 x - 4 potions of berserk rage
 z - 5 potions of flight
 C - 2 potions of resistance {unknown}
 G - 4 potions of cancellation
 I - a potion of brilliance {unknown}
 L - a potion of might
 N - a potion of agility
 P - 3 potions of heal wounds
Books
 v - a Young Poisoner's Handbook

   Spells                             Type                      Level
   a - Sting                          Conjuration/Poison           1
   b - Cure Poison                    Poison                       2
   c - Mephitic Cloud                 Conjuration/Poison/Air       3
   d - Olgreb's Toxic Radiance        Poison                       4
   e - Venom Bolt                     Conjuration/Poison           5
 A - a Necronomicon

   Spells                             Type                      Level
   a - Haunt                          Necromancy/Summoning         7
   b - Borgnjor's Revivification      Necromancy                   8
   c - Death's Door                   Charms/Necromancy            8
   d - Necromutation                  Transmutation/Necromancy     8
 K - a book of Enchantments

   Spells                             Type                      Level
   a - Cause Fear                     Hexes                        4
   b - Silence                        Hexes/Air                    5
   c - Deflect Missiles               Charms/Air                   6
   d - Haste                          Charms                       6
   e - Discord                        Hexes                        8
 S - a book of Clouds

   Spells                             Type                      Level
   a - Mephitic Cloud                 Conjuration/Poison/Air       3
   b - Conjure Flame                  Conjuration/Fire             3
   c - Poisonous Cloud                Conjuration/Poison/Air       6
   d - Freezing Cloud                 Conjuration/Ice/Air          6
   e - Ring of Flames                 Charms/Fire                  7
Comestibles
 a - 12 meat rations
 j - 30 royal jellies
 l - 5 beef jerkies
 B - a slice of pizza
 Q - 4 chunks of flesh


   Skills:
 * Level 11.8 Fighting
 + Level 13.7 Dodging
 + Level 14.5 Stealth
 + Level 11.2 Unarmed Combat
 - Level 4.4 Spellcasting
 - Level 2.6 Conjurations
 - Level 0.8 Hexes
 - Level 2.2 Air Magic
 - Level 2.4 Poison Magic
 + Level 6.9 Invocations


You had 8 spell levels left.
You knew the following spells:

 Your Spells              Type           Power        Failure   Level  Hunger
a - Sting                 Conj/Pois      #...         10%         1    None
b - Cure Poison           Pois           #.........   12%         2    ##.....
c - Mephitic Cloud        Conj/Pois/Air  #.......     24%         3    ###....
d - Cause Fear            Hex            #.........   99%         4    ####...


Dungeon Overview and Level Annotations

Branches:
Dungeon (12/15)            Temple (1/1) D:6            Lair (5/8) D:10
 Shoals (1/4) Lair:5        Snake (0/4) Lair:4          Orc (1/4) D:10

Altars:
Ashenzari
Dithmenos
Kikubaaqudgha
Nemelex Xobeh
Okawaru
Ru
Trog
Vehumet
Xom
The Shining One

Shops:
D:4 ?:   D:5 %   D:8 [   D:10 %   D:12 ?

Annotations:
D:6 exclusion: oklob plant
D:9 exclusion: ice statue
D:10 Erolcha
Lair:3 exclusion: oklob plant


Innate Abilities, Weirdness & Mutations

You cannot wear armour.
You are incapable of wielding weapons or throwing items.
You have sharp claws.
You have razor-sharp teeth.
You have supernaturally acute eyesight.
You are carnivorous and can eat meat at any time.
You cover ground quickly.
Your thick and shaggy fur keeps you warm (AC +3, rC+).
You have a slow metabolism.
Your sharp claws are effective at attacking unaware monsters.
You have a pair of small horns on your head.
You are partially covered in large bone plates (AC +2, SH +2).
You are partially covered in molten scales (AC +1).


Message History

You scratch the harpy.
The harpy is lightly wounded.
Your shadow hits the harpy. The harpy completely misses you.
The harpy claws you. The harpy completely misses you.
The harpy barely misses you.
You barely miss the harpy.
You headbutt the harpy, but do no damage.
The harpy is moderately wounded.
Your shadow hits the harpy but does no damage.
The harpy misses you. The harpy barely misses you.
The harpy completely misses you. The harpy barely misses you.
You scratch the harpy.
The harpy is lightly wounded.
The harpy claws you!
* * * LOW HITPOINT WARNING * * *
The harpy misses you. The harpy claws you.
* * * LOW HITPOINT WARNING * * *
The harpy misses you.
You fail to use your ability.
The harpy claws you!
You die...

..P........###..........# ####
........##.###..........####P.#
###...#######......(..........#
##.......##...........#......##
##...P.^..####.................#
.#.........# ##......P........##
..........## ##PP§..........####
.........#.# #P§..P..........#.
..#..P.#...#####@§§≈≈≈♣≈.........
####..#.....PP##H§§.≈PP♣P##......
## ###...Y.....§H§§...≈♣♣###P....
.# ##................# ##PP.P ##
#.#..............#####....# .#
##.##............##..##....
.##### ## #..P..........P......PP
.....## ###.#......P..<........P.
..Y...# #....)..#................


You could see 2 harpies.

Vanquished Creatures
  Gastronok (Lair:2)
  Fannar (D:10)
  2 hydras (Lair:5)
  A catoblepas (Lair:5)
  An ogre mage (Volcano)
  Nergalle (Lair:4)
  4 unseen horrors
  2 hill giants
  3 manticores (D:11)
  4 black mambas
  A griffon (Lair:4)
  An elephant (Lair:4)
  Maurice (D:9)
  3 spiny frogs (Lair:5)
  2 fire drakes
  4 komodo dragons
  6 two-headed ogres
  A troll (D:10)
  A queen bee (D:10)
  2 merfolk
  4 blink frogs (Lair:4)
  2 water elementals
  3 wyverns
  40 yaks
  A hog (D:11)
  A steam dragon (D:11)
  7 hippogriffs
  2 wolves (D:10)
  8 water moccasins
  13 orc warriors
  5 porcupines
  5 black bears (D:11)
  A sky beast (D:11)
  7 ogres
  A boggart (D:12)
  7 centaurs
  2 ice beasts (D:6)
  5 crocodiles
  13 giant frogs
  Blork the orc (D:6)
  A wyvern zombie (D:7)
  A big kobold (D:10)
  2 gnoll sergeants (D:11)
  2 elf skeletons (D:4)
  3 scorpions
  41 killer bees
  2 water moccasin skeletons
  11 wights (D:11)
  2 electric eels
  6 crimson imps
  2 giant frog zombies
  8 orc priests
  12 jellies
  2 giant frog skeletons (D:4)
  6 gnoll shamans
  7 hounds
  2 human zombies (D:4)
  A quasit (D:10)
  22 orc wizards
  12 iguanas
  12 worker ants
  11 sheep
  2 mummies (Ossuary)
  4 worker ant zombies
  26 river rats
  18 adders
  23 gnolls
  3 shadow imps
  20 oozes
  4 worms
  5 giant geckos
  54 orcs
  8 goblins
  6 hobgoblins
  15 kobolds
  2 ball pythons
  A ball python skeleton (D:5)
  12 bats
  7 giant cockroaches
  A giant gecko skeleton (D:8)
  7 giant newts
  4 gnoll skeletons (Ossuary)
  2 gnoll zombies (Ossuary)
  4 goblin skeletons (Ossuary)
  8 goblin zombies (Ossuary)
  4 hobgoblin skeletons (Ossuary)
  20 jackals
  A kobold skeleton (Ossuary)
  4 kobold zombies (Ossuary)
  3 orc skeletons
  2 orc zombies
  3 quokkas
  A quokka skeleton (D:8)
  13 rats
  3 rat skeletons (Ossuary)
  5 rat zombies
633 creatures vanquished.

Vanquished Creatures (others)
  Menkaure (Ossuary)
  A mummy (Ossuary)
  3 gnoll skeletons (Ossuary)
  A jackal (D:10)
  A goblin skeleton (Ossuary)
  4 goblin zombies (Ossuary)
  A hobgoblin skeleton (Ossuary)
  A hobgoblin zombie (Ossuary)
  2 kobold skeletons (Ossuary)
  A kobold zombie (Ossuary)
  A rat zombie (Ossuary)
  9 fungi
  18 plants
44 creatures vanquished.

Grand Total: 677 creatures vanquished

Notes
Turn   | Place    | Note
--------------------------------------------------------------
     0 | D:1      | Wolfmoon the Felid Monk began the quest for the Orb.
     0 | D:1      | Reached XP level 1. HP: 10/10 MP: 2/2
   112 | D:1      | Reached XP level 2. HP: 14/14 MP: 3/3
   642 | D:1      | Reached XP level 3. HP: 14/17 MP: 4/4
  1536 | D:2      | Reached XP level 4. HP: 11/22 MP: 5/5
  1985 | D:2      | Found a glowing golden altar of the Shining One.
  2189 | D:2      | Found a sparkling altar of Nemelex Xobeh.
  2412 | D:2      | Noticed a water moccasin
  2858 | D:3      | Reached XP level 5. HP: 25/25 MP: 6/6
  2873 | D:3      | Reached skill level 5 in Dodging
  3265 | D:3      | Found an ancient bone altar of Kikubaaqudgha.
  3428 | D:3      | Reached skill level 5 in Unarmed Combat
  3582 | D:4      | Gained mutation: You are covered in thick fur (AC +2). [Felid growth]
  3582 | D:4      | Reached XP level 6. HP: 30/30 MP: 7/7
  3592 | D:4      | Reached skill level 5 in Fighting
  3614 | D:4      | Found a shattered altar of Ashenzari.
  3640 | D:4      | Found a bloodstained altar of Trog.
  3670 | D:4      | Found a shimmering altar of Xom.
  3696 | D:4      | Found a sand-covered staircase.
  3701 | Ossuary  | Entered an ossuary
  3969 | Ossuary  | Killed Menkaure
  4201 | Ossuary  | Gained mutation: You are partially covered in large bone plates (AC +2, SH +2). [potion of mutation]
  4201 | Ossuary  | Gained mutation: You are partially covered in molten scales (AC +1). [potion of mutation]
  4201 | Ossuary  | Gained mutation: You have a pair of small horns on your head. [potion of mutation]
  4205 | Ossuary  | HP: 1/30 [orc zombie (3)]
  4734 | D:4      | Reached skill level 5 in Stealth
  4734 | D:4      | Reached XP level 7. HP: 33/33 MP: 8/8
  4779 | D:4      | Found Puicwiamm's Book Boutique.
  4782 | D:4      | Noticed an ogre
  4790 | D:4      | Killed an ogre
  4790 | D:4      | Reached skill level 6 in Dodging
  4791 | D:4      | Found Viastroy's Magic Scroll Shoppe.
  5068 | D:4      | Bought a scroll of identify for 22 gold pieces
  5068 | D:4      | Bought a scroll of magic mapping for 38 gold pieces
  5582 | D:5      | Entered Level 5 of the Dungeon
  5794 | D:5      | Reached XP level 8. HP: 30/39 MP: 9/9
  6036 | D:5      | Found Reusmy's Food Emporium.
  6047 | D:5      | Bought a meat ration for 55 gold pieces
  6457 | D:6      | Reached skill level 7 in Fighting
  6644 | D:6      | Found a staircase to the Ecumenical Temple.
  6653 | Temple   | Entered the Ecumenical Temple
  6684 | Temple   | Became a worshipper of Dithmenos the Shadowed
  6684 | Temple   | Reached * piety under Dithmenos
  6684 | Temple   | Reached ** piety under Dithmenos
  6813 | D:6      | Noticed an oklob plant
  7798 | D:6      | Reached skill level 8 in Stealth
  7798 | D:6      | Reached XP level 9. HP: 41/44 MP: 10/10
  7943 | D:6      | Noticed Blork the orc
  7957 | D:6      | Killed Blork the orc
  8378 | D:7      | Found a sacrificial altar of Ru.
  8425 | D:7      | Reached skill level 9 in Stealth
  8464 | D:7      | Reached *** piety under Dithmenos
  9258 | D:8      | Found Betesonk's Antique Armour Shoppe.
  9975 | D:8      | Found a sparkling altar of Nemelex Xobeh.
  9997 | D:8      | Reached skill level 10 in Stealth
 10039 | D:8      | Reached XP level 10. HP: 49/49 MP: 11/11
 10112 | D:8      | Reached skill level 10 in Dodging
 10423 | D:9      | Noticed an unseen horror
 10425 | D:9      | Killed an unseen horror
 10971 | D:9      | Reached **** piety under Dithmenos
 11127 | D:9      | Reached skill level 11 in Stealth
 11506 | D:9      | Noticed Maurice
 11541 | D:9      | Killed Maurice
 11982 | D:10     | Entered Level 10 of the Dungeon
 12005 | D:10     | Found Soarokka's Food Boutique.
 12127 | D:10     | Found a staircase to the Orcish Mines.
 12181 | D:10     | Found a staircase to the Lair.
 12203 | D:10     | Noticed Fannar
 12315 | D:10     | Reached ***** piety under Dithmenos
 13328 | D:11     | Reached XP level 11. HP: 31/54 MP: 12/12
 13582 | D:10     | Reached skill level 1 in Invocations
 13819 | D:10     | Reached skill level 10 in Fighting
 14246 | Orc:1    | Entered Level 1 of the Orcish Mines
 14964 | D:11     | Reached skill level 12 in Stealth
 16001 | D:11     | Noticed Erolcha
 16238 | D:12     | Noticed a hill giant
 16239 | D:12     | Found Fyuhogor's Magic Scroll Boutique.
 16240 | D:12     | Noticed a tengu warrior
 16364 | D:11     | Reached skill level 10 in Unarmed Combat
 16773 | Lair:1   | Entered Level 1 of the Lair of Beasts
 16872 | Lair:1   | Found a dark tunnel.
 16885 | Volcano  | Entered a volcano
 16914 | Volcano  | Noticed an ogre mage
 16917 | Volcano  | Killed an ogre mage
 17308 | Lair:1   | Reached skill level 13 in Stealth
 17363 | Lair:1   | Gained mutation: Your thick and shaggy fur keeps you warm (AC +3, rC+). [Felid growth]
 17363 | Lair:1   | Reached XP level 12. HP: 59/59 MP: 16/16
 17939 | Lair:2   | Noticed Gastronok
 17946 | Lair:2   | Killed Gastronok
 17946 | Lair:2   | Reached skill level 5 in Invocations
 18108 | Lair:2   | Reached ****** piety under Dithmenos
 19198 | Lair:3   | Found an iron altar of Okawaru.
 19690 | Lair:4   | Noticed Nergalle
 19691 | Lair:4   | Killed Nergalle
 19865 | Lair:4   | Found a staircase to the Snake Pit.
 20235 | Lair:4   | Reached skill level 14 in Stealth
 20590 | Lair:3   | HP: 1/60 [death yak (25)]
 20853 | Lair:3   | You fall through a shaft for 2 floors!
 20853 | Lair:5   | Noticed a catoblepas
 20854 | Lair:5   | Found a staircase to the Shoals.
 20857 | Lair:5   | Killed a catoblepas
 20990 | Lair:5   | Noticed an eight-headed hydra
 20997 | Lair:5   | Killed an eight-headed hydra
 21116 | Lair:5   | Noticed a seven-headed hydra
 21195 | Lair:5   | Killed a seven-headed hydra
 21461 | Lair:4   | Reached XP level 13. HP: 32/63 MP: 18/18
 22121 | D:9      | Reached skill level 1 in Spellcasting
 22355 | D:7      | Learned a level 1 spell: Sting
 22358 | D:7      | Learned a level 2 spell: Cure Poison
 22362 | D:7      | Learned a level 3 spell: Mephitic Cloud
 22367 | D:7      | Learned a level 4 spell: Cause Fear
 22434 | D:6      | Got a warped flail {crush}
 22601 | D:10     | Killed Fannar
 22673 | D:10     | Killed from afar by Erolcha
 22674 | D:10     | Reached XP level 12. HP: 0/60 MP: 17/17
 22909 | D:11     | Found a sacrificial altar of Ru.
 23017 | D:11     | Noticed a hill giant
 23074 | D:11     | Noticed an unseen horror
 23109 | D:11     | Killed an unseen horror
 23109 | D:11     | Reached skill level 1 in Conjurations
 23109 | D:11     | Reached skill level 1 in Poison Magic
 23124 | D:11     | Killed a hill giant
 23184 | D:11     | Reached skill level 1 in Air Magic
 23347 | D:11     | Noticed a manticore
 23350 | D:11     | Killed a manticore
 23362 | D:11     | Noticed a manticore
 23370 | D:11     | Killed a manticore
 23540 | D:11     | Got a slimy long sword
 23649 | D:11     | Noticed a manticore
 23650 | D:11     | Noticed an unseen horror
 23655 | D:11     | Killed a manticore
 23664 | D:11     | Killed an unseen horror
 23836 | D:12     | Noticed a hill giant
 23842 | D:12     | Killed a hill giant
 23846 | D:12     | Noticed an unseen horror
 23853 | D:12     | Killed an unseen horror
 23873 | D:12     | Noticed an eight-headed hydra
 25101 | Lair:5   | Noticed an eight-headed hydra
 25527 | Shoals:1 | Entered Level 1 of the Shoals
 25682 | Shoals:1 | Noticed a merfolk impaler
 25694 | Shoals:1 | HP: 2/61 [harpy (6)]
 25696 | Shoals:1 | Mangled by a harpy
 25697 | Shoals:1 | Reached XP level 11. HP: -11/57 MP: 18/18
 25718 | Lair:5   | Slain by a harpy

Action                   |  1- 3 |  4- 6 |  7- 9 | 10-12 | 13-15 || total
-------------------------+-------+-------+-------+-------+-------++-------
Melee: Unarmed           |   111 |   282 |   428 |  1154 |    81 ||  2056
 Cast: Sting             |       |       |       |     1 |       ||     1
Invok: Shadow Form       |       |       |       |     1 |       ||     1
Evoke: Wand              |       |       |       |     1 |       ||     1
  Use: Potion            |       |     5 |       |     6 |       ||    11
       Scroll            |       |     9 |     7 |    11 |       ||    27
 Stab: Sleeping          |     9 |    23 |    42 |    92 |       ||   166
       Distracted        |       |     4 |     6 |    13 |     1 ||    24
       Invisible         |       |       |       |     3 |       ||     3
  Eat: Chunk             |     8 |     5 |    13 |    33 |     4 ||    63
